 Dungeon Crawl Stone Soup version 0.30-a0-639-g3916f1956a (webtiles) character file.

Game seed: 3556668720272737500

246258 zeratav the Warrior (level 20, -1/181 HPs)
             Began as a Djinni Conjurer on Jan 15, 2023.
             Was a High Priest of Ashenzari.
             Killed by the air
             ... invoked by a spriggan air mage
              (29 damage)
             ... on level 1 of the Depths on Jan 16, 2023.
             The game lasted 02:56:52 (31894 turns).

zeratav the Warrior (Djinni Conjurer)              Turns: 31894, Time: 02:56:53

Health: -1/181     AC: 19    Str:  8    XL:     20   Next: 28%
Gold:   2715       EV: 16    Int: 28    God:    Ashenzari [*****.] SH: 17 Dex: 11

rFire   + + .      SeeInvis +    k - +8 hand axe of Ashenzari's Yoke {antimagic, *Corrode rElec rPois Stlth+, axe, Self, Melee} (curse)
rCold   x . .      Faith    .    v - +4 kite shield {AC+3}
rNeg    . . .      Spirit   +    K - +4 troll leather armour of Ashenzari's Stars {Regen+, Fort, Cun} (curse)
rPois   ∞          Reflect  .    Q - +2 hat of the Bear Spirit {Spirit, Bear, *Rage Will++, Cun, Self} (curse)
rElec   +          Harm     .    F - +0 cloak "Circumscribed Together" {Self, Fort} (curse)
rCorr   +          Rampage  .    C - +0 pair of gloves of the Mantic Paranoia {Self, Cun} (curse)
Will    ++++.      Clarity  +    (boots unavailable)
Stlth   ++++++                   t - amulet "Share My Prison" {Regen+, Self, Melee} (curse)
HPRegen 2.10/turn                G - ring of the Ensconced Doubts {rCorr, Fort, Self} (curse)
MPRegen 0.00/turn                w - ring of the Cosmic Scepticism {Wiz, Fort, Self} (curse)

@: flying
A: sickness immunity, fire resistance 2, cold vulnerability 1, float, innate
caster, HP casting, extra vitality 1
}: 2/15 runes: decaying, serpentine
a: Renounce Religion, Shatter the Chains


You were on level 1 of the Depths.
You worshipped Ashenzari.
Ashenzari was extremely pleased with you.
You visited 7 branches of the dungeon, and saw 32 of its levels.
You also visited: Bailey and Gauntlet.

You collected 3577 gold pieces.
You spent 862 gold pieces at shops.


Innate Abilities, Weirdness & Mutations

You are immune to sickness and miasma.
You are immune to poison.
Your flesh is very heat resistant. (rF++)
You are vulnerable to cold. (rC-)
You float through the air rather than walking.
You learn spells naturally, not from books.
Your magical power is your life essence.
You have superior vitality. (+4 MHP)


   Skills:
 - Level 20.0(27) Fighting
 - Level 9.9(15.3) Armour
 - Level 10.5(15.0) Dodging
 + Level 9.9(14.4) Stealth
 - Level 9.5(15.0) Shields
 * Level 17.0(24.9) Spellcasting


You had 18 spell levels left.
You knew the following spells:

 Your Spells              Type           Power      Damage    Failure   Level
a - Starburst             Conj/Fire      54%        6d15      0%          6
b - Conjure Ball Lightni  Conj/Air       54%        3x3d20    0%          6
c - Summon Forest         Summ/Tloc      54%        N/A       0%          5
d - Fulminant Prism       Conj/Hex       54%        3d23      0%          4
e - Iskenderun's Mystic   Conj/Tloc      100%       2d19      0%          4
f - Foxfire               Conj/Fire      100%       2x1d9     0%          1
g - Scorch                Fire           100%       2d10      0%          2
h - Dazzling Flash        Conj/Hex       100%       N/A       0%          3
i - Teleport Other        Tloc           100%       N/A       0%          3
j - Passage of Golubria   Tloc           100%       N/A       0%          4
k - Vampiric Draining     Necr           100%       2d13      0%          3
l - Magic Dart            Conj           100%       1d8       0%          1
m - Searing Ray           Conj           100%       2d8       0%          2
n - Dispersal             Tloc           54%        N/A       0%          6
Your spell library was empty.

Inventory:

Hand Weapons
 k - the cursed +8 hand axe of Ashenzari's Yoke (weapon) {antimagic, *Corrode rElec rPois Stlth+, axe, Self, Melee}
   (You took it off a gnoll bouda in a bailey)

   rElec:     It insulates you from electricity.
   rPois:     It protects you from poison.
   *Corrode:  It may corrode you when you take damage.
   Stlth:     It makes you more stealthy.
   It has a curse which improves the following skills: Introspection: Fighting
   and Spellcasting.
   Melee Combat: Short Blades, Long Blades, Axes, Maces & Flails, Polearms,
   Staves and Unarmed Combat.
 r - the +6 dagger of Compound Interest {freeze, *Corrode rN++, short}
   (You found it on level 3 of the Lair of Beasts)

   rN:        It greatly protects you from negative energy.
   *Corrode:  It may corrode you when you take damage.
Armour
 o - a +0 pair of gloves
   (You found it on level 4 of the Lair of Beasts)
 v - a +4 kite shield of protection (worn)
   (You bought it in a shop on level 2 of the Orcish Mines)
 C - the cursed +0 pair of gloves of the Mantic Paranoia (worn) {Self, Cun}
   (You found it on level 10 of the Dungeon)

   It has a curse which improves the following skills: Introspection: Fighting
   and Spellcasting.
   Cunning:   Dodging and Stealth.
 D - a +2 robe of the Archmagi
   (You took it off an orc sorcerer on level 1 of the Orcish Mines)
 F - the cursed +0 cloak "Circumscribed Together" (worn) {Self, Fort}
   (You took it off Maurice on level 1 of the Orcish Mines)

   It has a curse which improves the following skills: Introspection: Fighting
   and Spellcasting.
   Fortitude: Armour and Shields.
 K - the cursed +4 troll leather armour of Ashenzari's Stars (worn) {Regen+, Fort, Cun}
   (You found it on level 7 of the Dungeon)

   Regen:     It increases your rate of health regeneration.
   It has a curse which improves the following skills: Fortitude: Armour and
   Shields.
   Cunning:   Dodging and Stealth.
 L - a +1 kite shield of reflection
   (You took it off a naga warrior on level 1 of the Snake Pit)
 M - a +2 robe of resistance
   (You took it off an orc sorcerer on level 2 of the Orcish Mines)
 Q - the cursed +2 hat of the Bear Spirit (worn) {Spirit, Bear, *Rage Will++, Cun, Self}
   (You bought it in a shop on level 3 of the Dungeon)

   Bear:      Going berserk makes the wearer tougher, and they're slowed less
   afterward.
   *Rage:     It berserks you when you make melee attacks (+20% chance).
   Will:      It greatly increases your willpower.
   It has a curse which improves the following skills: Cunning: Dodging and
   Stealth.
   Introspection: Fighting and Spellcasting.
 U - +0 ice dragon scales
   (You found it on level 15 of the Dungeon)
 V - the +1 ring mail "Wukiso" {Int+2 Dex+4 Stlth-}
   (You found it on level 15 of the Dungeon)

   Int:       It affects your intelligence (+2).
   Dex:       It affects your dexterity (+4).
   Stlth:     It makes you less stealthy.
 W - a +2 robe of the Archmagi
   (You took it off Erica on level 1 of the Orcish Mines)
Jewellery
 t - the cursed amulet "Share My Prison" (around neck) {Regen+, Self, Melee}
   (You found it on level 4 of the Dungeon)

   [amulet of regeneration]

   Regen:     It increases your rate of health regeneration.
   It has a curse which improves the following skills: Introspection: Fighting
   and Spellcasting.
   Melee Combat: Short Blades, Long Blades, Axes, Maces & Flails, Polearms,
   Staves and Unarmed Combat.
 u - a +4 ring of protection
   (You found it on level 5 of the Dungeon)
 w - the cursed ring of the Cosmic Scepticism (right hand) {Wiz, Fort, Self}
   (You found it on level 5 of the Dungeon)

   [ring of wizardry]

   It improves your spell success rate.
   It has a curse which improves the following skills: Fortitude: Armour and
   Shields.
   Introspection: Fighting and Spellcasting.
 G - the cursed ring of the Ensconced Doubts (left hand) {rCorr, Fort, Self}
   (You found it on level 7 of the Dungeon)

   [ring of resist corrosion]

   rCorr:     It protects you from acid and corrosion.
   It has a curse which improves the following skills: Fortitude: Armour and
   Shields.
   Introspection: Fighting and Spellcasting.
 J - a +5 ring of evasion
   (You found it on level 7 of the Dungeon)
 P - a ring of protection from fire
   (You found it on level 2 of the Swamp)
 Y - a ring of protection from cold
   (You found it on level 12 of the Dungeon)
Wands
 a - a wand of acid (24)
   (You took it off an orc warrior on level 9 of the Dungeon)
 y - a wand of digging (4)
   (You took it off Ijyb on level 3 of the Dungeon)
 z - a wand of polymorph (16)
   (You found it on level 5 of the Dungeon)
 H - a wand of charming (11)
   (You found it on level 5 of the Lair of Beasts)
 O - a wand of iceblast (39)
   (You found it on level 8 of the Dungeon)
 X - a wand of mindburst (16)
   (You found it on level 3 of the Lair of Beasts)
Scrolls
 c - 7 scrolls of magic mapping {!r}
 f - 4 scrolls of poison
 h - 5 scrolls of fear
 i - 16 scrolls of teleportation {@r4}
 j - 6 scrolls of silence {!r}
 l - 6 scrolls of immolation {!r!r}
 q - 4 scrolls of enchant weapon
 s - 2 scrolls of blinking {!r}
 x - 4 scrolls of vulnerability {!r!r}
 R - 3 scrolls of fog
 S - a scroll of butterflies
Potions
 b - 3 potions of invisibility
 d - 5 potions of brilliance
 e - 4 potions of mutation {!q}
 g - 8 potions of heal wounds {@q2}
 m - 15 potions of curing {@q1}
 n - 7 potions of haste {@q3}
 p - 5 potions of cancellation
 A - 9 potions of lignification {!q}
 B - 3 potions of attraction {!q}
 E - 5 potions of ambrosia
 I - a potion of berserk rage {!q}
 N - 2 potions of resistance
 T - a potion of flight
 Z - 2 potions of might

Dungeon Overview and Level Annotations

Branches:
Dungeon (15/15) Zot: 26116  Temple (1/1) D:6 Zot: 5985    Lair (5/5) D:10 Zot: 24851
  Swamp (4/4) Lair:2 Zot: 21028   Snake (4/4) Lair:3 Zot: 18808   Slime (0/5) Lair:4
    Orc (2/2) D:11 Zot: 10360     Elf (0/3) Orc:2        Vaults (0/5) D:14
 Depths (1/4) D:15 Zot: 5986  Bailey (visited)         Gauntlet (visited)

Altars:
Ashenzari
Cheibriados
Dithmenos
Elyvilon
Gozag
Hepliaklqana
Nemelex Xobeh
Ru
Trog
Xom
Yredelemnul
Zin
The Shining One
Jiyva

Shops:
D:3 [   D:11 !   Orc:2 =![?

Annotations:
D:5 exclusion: downstairs
D:15 1 runed translucent door, Yamstis's ghost, adept GnMo
Lair:3 exclusion: door
Snake:2 2 transporters, bmack86's ghost, adept MiFi
Snake:3 exclusion: downstairs

*,,, , **, ,,,
*.........#.# ,, *
#..........# ,,, *
#..i.......# ,8
##....C.....# * *
#...........#*8, *
* #...........#
,,,, * , * *
##......§....# , ,
*#......@.....# ,
, * ,
,,.....†.......#
,,,, * , ,
,>.............#
,,, * , ,
,....##.[.......,,
, , ,, , ...
,.........., ,
,,,, ..,
####.######* *, *
, *.,,*, .. , *,,
,, , , , .., , ,
,, ,* ,, ,** *


You could see a fire giant and a spriggan air mage (repels missiles).


Message History

The blast of lightning engulfs you! You resist.
The blast of lightning engulfs the iron dragon!!
A fire giant comes into view.
It is wielding a +2 great sword of flaming.
A deep troll shaman comes into view.
Your ball lightning explodes!
The blast of lightning engulfs you! You resist.
The blast of lightning engulfs the iron dragon!!
The blast of lightning engulfs the red ugly thing!!
You hear a shout!
You hear a horrible gurgling sound!
You hear a shout! x2
You hear a deafening roar!
You hear a shout!
HP[-22]
You take 22 damage, and now have 105/181 hp.
Casting: Conjure Ball Lightning (safe; 0% risk of failure)
Confirm with . or Enter, or press ? or * to list all spells.
You create some ball lightning! 3 ball lightnings come into view.
You hear a horrible gurgling sound!
A red ugly thing comes into view.
You block the iron dragon's attack.
The iron dragon claws you but does no damage.
The iron dragon closely misses you.
HP[-4]
You take 4 damage, and now have 101/181 hp.
Casting: Conjure Ball Lightning (safe; 0% risk of failure)
Confirm with . or Enter, or press ? or * to list all spells.
You erupt in a blast of force!
The mystic blast hits the fire dragon!
The fire dragon is knocked back by the mystic blast.
The fire dragon slams into the stone wall!
The mystic blast hits the red ugly thing!!
The red ugly thing is knocked back by the mystic blast.
The mystic blast hits the iron dragon!
The iron dragon is knocked back by the mystic blast.
The iron dragon collides with the fire dragon!
Your ball lightning explodes!
The blast of lightning engulfs the red ugly thing!!!
The blast of lightning engulfs the iron dragon!
You kill the iron dragon!
The blast of lightning engulfs you! You resist.
The blast of lightning engulfs the fire dragon!!
Your ball lightning explodes!
The blast of lightning engulfs the red ugly thing!
The blast of lightning engulfs your ball lightning.
Your ball lightning completely resists.
The blast of lightning engulfs you! You resist.
* * * LOW HITPOINT WARNING * * *
The blast of lightning engulfs the red ugly thing!!
Your ball lightning explodes!
The blast of lightning engulfs the red ugly thing!!
You kill the red ugly thing!
The blast of lightning engulfs the red ugly thing!!
You kill the red ugly thing!
The blast of lightning engulfs you! You resist.
* * * LOW HITPOINT WARNING * * *
The blast of lightning engulfs the deep troll shaman!!
You hear a shout!
You hear a deafening roar!
You hear a shout!
Training target 15.0 for Shields reached!
Your base Spellcasting skill increases to level 17!
HP[-29]
You take 29 damage, and now have 72/181 hp.
Casting: Iskenderun's Mystic Blast (safe; 0% risk of failure)
Confirm with . or Enter, or press ? or * to list all spells.
You create some ball lightning!
* * * LOW HITPOINT WARNING * * *
3 ball lightnings come into view.
A spriggan air mage comes into view.
HP[-4]
You take 4 damage, and now have 68/181 hp.
Casting: Conjure Ball Lightning (safe; 0% risk of failure)
Confirm with . or Enter, or press ? or * to list all spells.
You erupt in a blast of force!
The mystic blast hits the deep troll shaman!!
The deep troll shaman is knocked back by the mystic blast.
The deep troll shaman collides with the fire dragon!
You kill the deep troll shaman!
* * * LOW HITPOINT WARNING * * *
Your ball lightning explodes!
The blast of lightning engulfs your ball lightning.
Your ball lightning completely resists.
The blast of lightning engulfs the fire giant!!
The blast of lightning engulfs you! You resist.
* * * LOW HITPOINT WARNING * * *
Your ball lightning explodes!
The blast of lightning engulfs the fire dragon!!!
You kill the fire dragon!
The +0 fire dragon scales are intact enough to wear.
The blast of lightning engulfs you. You resist.
* * * LOW HITPOINT WARNING * * *
Your ball lightning explodes!
The blast of lightning engulfs the fire giant!!!
The blast of lightning engulfs you! You resist.
* * * LOW HITPOINT WARNING * * *
The fire giant points at you and mumbles some strange words.
The fireball explodes!
The fireball engulfs you! You resist.
* * * LOW HITPOINT WARNING * * *
You hear a deafening roar!
HP[-42]
You take 42 damage, and now have 26/181 hp.
MASSIVE DAMAGE!! (PAUSE)
The spriggan air mage waves its arms in wide circles.
The air twists around and strikes you!!
You die...

Skill      XL: |  1  2  3  4  5  6  7  8  9 10 11 12 13 14 15 16 17 18 19 20 |
---------------+-------------------------------------------------------------+-----
Spellcasting   | 4 5 6 7 8 9 10 11 12 13 14 15 16 17 | 17.0
Fighting       | 1 2 3 4 5 6 8 9 11 12 13 15 16 17 19 20 | 20.0
Stealth        | 2 4 5 6 7 8 9 |  9.9
Dodging        | 3 5 6 7 8 9 10 | 10.5
Armour         | 2 4 5 7 8 9 |  9.9
Shields        | 1 5 6 7 9 |  9.5

Action                   |  1- 3 |  4- 6 |  7- 9 | 10-12 | 13-15 | 16-18 | 19-21 || total
-------------------------+-------+-------+-------+-------+-------+-------+-------++-------
Melee: Dagger            |     2 |       |     1 |     4 |       |       |       ||     7
       Hand axe          |       |       |       |       |       |     5 |       ||     5
 Cast: Magic Dart        |    54 |    58 |    59 |    55 |    35 |     9 |       ||   270
       Searing Ray       |     7 |    14 |     3 |     3 |     4 |     3 |       ||    34
       Dazzling Flash    |     1 |     2 |     2 |       |       |       |       ||     5
       Fulminant Prism   |       |       |    49 |   215 |   348 |   256 |    19 ||   887
       Iskenderun's Myst |       |       |    16 |    46 |   153 |   143 |    11 ||   369
       Vampiric Draining |       |       |     1 |       |       |       |       ||     1
       Teleport Other    |       |       |     3 |       |       |       |       ||     3
       Foxfire           |       |       |     2 |     1 |       |       |       ||     3
       Scorch            |       |       |     1 |       |       |       |       ||     1
       Passage of Golubr |       |       |       |     2 |       |     2 |       ||     4
       Summon Forest     |       |       |       |       |     5 |     5 |       ||    10
       Starburst         |       |       |       |       |     3 |    43 |       ||    46
       Conjure Ball Ligh |       |       |       |       |       |    57 |   126 ||   183
Invok: Curse Item        |       |       |     1 |     2 |     3 |     3 |     1 ||    10
       Shatter the Chain |       |       |       |       |     1 |     1 |       ||     2
Evoke: Wand              |       |       |     1 |       |       |     1 |       ||     2
       Tin of tremorston |       |       |       |       |     1 |       |       ||     1
  Use: Scroll            |       |       |       |     2 |     2 |     5 |     2 ||    11
       Potion            |       |       |       |       |       |     3 |       ||     3
Armor: Robe              |     3 |     2 |     4 |    11 |       |       |       ||    20
       Steam dragon scal |       |       |       |    14 |    10 |       |       ||    24
       Troll leather arm |       |       |       |       |    35 |    72 |    12 ||   119
Dodge: Dodged            |     7 |    11 |    22 |    56 |    64 |    77 |    13 ||   250
Block: Buckler           |       |       |       |       |    14 |    18 |       ||    32
       Kite shield       |       |       |       |       |       |    39 |    31 ||    70

Levels and vault maps discovered:
D:1:      saegor_arrival_simple_a, layout_basic,
          hellmonk_ecumenical_altar_crossroads, minmay_nonomino_d4
D:2:      layout_loops_ring, serial_aquarium, aquarium_bridge_square
          [aquarium_subvault_bridge, aquarium_subvault_wall,
          aquarium_subvault_bridge, aquarium_subvault_bridge],
          aquarium_window_1, aquarium_window_corridor_1, aquarium_window_fake,
          aquarium_view_2d, aquarium_view_2e, uniq_terence
D:3:      layout_basic, serial_shops, shop, minmay_misc_feat_hallway,
          minivault_11, uniq_ijyb
D:4:      layout_basic, mainiacjoe_overflow_swirl, serial_curves,
          eino_curves_02, eino_curves_03, uniq_natasha
D:5:      layout_loops_corners, nicolae_nh_ransacked_shop
D:6:      layout_basic, minmay_temple_entry_statues_fountains,
          minmay_misc_feat_ornament, feat_on_display, uniq_menkaure
D:7:      layout_layer_cave, hellmonk_guarded_unrand_vitality_bloodlust,
          uniq_joseph
D:8:      layout_cave_pods, nicolae_overflow_crystal_walls
D:9:      layout_loops_ring, enter_bailey_2, minivault_20
D:10:     layout_layer_cave, lair_entry_dummy, chequers_avenue,
          hangedman_abyss_or_decor_stagger
D:11:     layout_irregular_city, zombieorc2_lemuel, serial_shops,
          kennysheep_little_box, chequers_decorated_corner, uniq_lodul
D:12:     layout_basic, gauntlet_entry_generic
D:13:     layout_rooms
D:14:     layout_roguey, david_vaults_5, minivault_19, hangedman_decor_lopped,
          uniq_nessos
D:15:     grunt_enter_depths_hoard, layout_long_grid, grunt_dithmenos_smoke,
          ebering_ghost_xom, yredelemnul_forgotten_temple_becter
Temple:   compressed_dpeg_triangle_lava_temple
Lair:1:   lemuel_reptile_caves, layout_gridlike
Lair:2:   layout_chaotic_city, minmay_swamp_entry_eels
Lair:3:   wad_woods_structure_01, layout_chaotic_city,
          nicolae_snake_entry_squirm, minmay_lindwurm_lava
Lair:4:   layout_loops_ring, slime_entry_1, chequers_serial_rivers_small_3,
          fungi_pond_lemuel, grunt_megastairs_5
Lair:5:   hangedman_lair_in_review, layout_loops_ring, dreamdust_gnoll_shepherd,
          uniq_josephine
Swamp:1:  layout_falls_marsh, evilmike_swamp_ruin_house_6, swamp_pool4,
          uniq_donald
Swamp:2:  layout_basic_swamp, nicolae_swamp_godswood, swamp_pool1,
          nicolae_swamp_fairy_circle, uniq_roxanne
Swamp:3:  layout_basic_swamp, nicolae_swamp_trees_clearing, swamp_pool5
Swamp:4:  swamp_old_school, layout_basic_swamp, swamp_pool1,
          infiniplex_staircase_pool, uniq_louise
Snake:1:  nicolae_snake_attic_fulla_snakes, layout_onion, serial_bayou_lagoon_a
Snake:2:  layout_layer_cave, gammafunk_ghost_abyssal_escape,
          portal_ice_cave_entry_ugly_swarm, nicolae_snake_gridmaze_tees
Snake:3:  hangedman_cross_stitches, layout_gridlike, serial_corexii_hall,
          chequers_hall_statues_wall_a, chequers_hall_statues_corner_a,
          uniq_jorgrun
Snake:4:  snake_hunt, layout_cave_town, st_stairs_12, grunt_megastairs_2
Orc:1:    layout_caves, nicolae_orc_tapped_out, uniq_maurice, uniq_erica
Orc:2:    kennysheep_orc_mage_school, layout_caves, nicolae_orc_damp_corner,
          uniq_erolcha
Depths:1: minmay_the_grid_3x2 [minmay_the_grid_large_cup,
          minmay_the_grid_aliased_spiral, minmay_the_grid_paths,
          minmay_the_grid_eight, minmay_the_grid_minigrid_small,
          minmay_the_grid_prize_four_corners], layout_cave_shapes,
          enter_ziggurat_a, hellmouth_1, minmay_crystal_room,
          nicolae_diode_basic

Notes
Turn   | Place    | Note
-------+----------+-------------------------------------------
     0 | D:1      | zeratav the Djinni Conjurer began the quest for the Orb.
     0 | D:1      | zeratav set off with the following spells memorised: Magic
                  | Dart, Searing Ray, Dazzling Flash, Fulminant Prism,
                  | Iskenderun's Mystic Blast.
     0 | D:1      | Reached XP level 1. HP: 15/15 MP: 0/0
     0 | D:1      | magus.rc [v1.9.6]
   112 | D:1      | magus.rc [v1.9.6]
   206 | D:1      | Reached XP level 2. HP: 5/21 MP: 0/0
   511 | D:1      | Reached XP level 3. HP: 21/25 MP: 0/0
   511 | D:1      | Learned a level 1 spell: Foxfire
   664 | D:1      | Found a faded altar of an unknown god.
  1160 | D:2      | Reached skill level 4 in Spellcasting
  1193 | D:2      | Reached skill level 1 in Fighting
  1355 | D:2      | Noticed Terence
  1362 | D:2      | Killed Terence
  1363 | D:2      | Reached XP level 4. HP: 24/33 MP: 0/0
  1419 | D:2      | You are sucked into a shaft and drop 2 floors!
  1438 | D:4      | Noticed Natasha
  1441 | D:4      | Killed Natasha
  1442 | D:4      | Reached skill level 2 in Fighting
  1442 | D:4      | Reached XP level 5. HP: 32/38 MP: 0/0
  1442 | D:4      | Learned a level 2 spell: Scorch
  2393 | D:3      | Reached skill level 3 in Fighting
  2393 | D:3      | Reached XP level 6. HP: 44/46 MP: 0/0
  2456 | D:3      | Noticed Ijyb
  2633 | D:3      | Found Posel's Armour Emporium.
  2890 | D:4      | Noticed an ogre
  2922 | D:4      | Noticed Natasha
  2927 | D:4      | Killed Natasha
  2988 | D:4      | Killed an ogre
  2989 | D:4      | Reached skill level 5 in Spellcasting
  2989 | D:4      | Noticed Natasha
  2994 | D:4      | Killed Natasha
  2995 | D:4      | Reached skill level 4 in Fighting
  2995 | D:4      | Reached XP level 7. HP: 19/52 MP: 0/0
  2995 | D:4      | Learned a level 3 spell: Vampiric Draining
  3362 | D:4      | Found a hazy altar of Hepliaklqana.
  3625 | D:5      | Entered Level 5 of the Dungeon
  3970 | D:3      | Killed Ijyb
  4536 | D:5      | Identified the +2 mace of Spores {holy, rPois rC- Int+6}
  4564 | D:5      | Reached skill level 5 in Fighting
  4570 | D:5      | Reached XP level 8. HP: 41/59 MP: 0/0
  4945 | D:6      | Reached skill level 6 in Fighting
  4945 | D:6      | Reached skill level 6 in Spellcasting
  5189 | D:6      | Noticed Menkaure
  5196 | D:6      | Killed Menkaure
  5215 | D:6      | Reached XP level 9. HP: 57/67 MP: 0/0
  5215 | D:6      | Learned a level 3 spell: Teleport Other
  5236 | D:6      | Reached skill level 7 in Fighting
  5251 | D:6      | Found a staircase to the Ecumenical Temple.
  5260 | Temple   | Entered the Ecumenical Temple
  5267 | Temple   | Became a worshipper of Ashenzari the Shackled
  5611 | D:6      | Reached skill level 7 in Spellcasting
  5830 | D:7      | Noticed a deep troll
  6043 | D:7      | Reached skill level 2 in Stealth
  6209 | D:7      | Reached skill level 8 in Fighting
  6210 | D:7      | Noticed Joseph
  6218 | D:7      | Reached skill level 3 in Dodging
  6226 | D:7      | Killed Joseph
  6419 | D:7      | Reached XP level 10. HP: 70/77 MP: 0/0
  6482 | D:7      | Reached skill level 3 in Stealth
  7255 | D:7      | Killed a deep troll
  7256 | D:7      | Reached skill level 9 in Fighting
  7256 | D:7      | Reached skill level 4 in Dodging
  7256 | D:7      | Reached skill level 8 in Spellcasting
  7257 | D:7      | Noticed a deep troll
  7257 | D:7      | Noticed a deep troll
  7266 | D:7      | Killed a deep troll
  7272 | D:7      | Killed a deep troll
  7425 | D:7      | Found the necklace of Bloodlust {Fury *Rage Will++ Int-3
                  | Slay+6}
  7489 | D:8      | Reached skill level 4 in Stealth
  7786 | D:8      | Reached skill level 5 in Dodging
  8151 | D:8      | Reached XP level 11. HP: 85/86 MP: 0/0
  8151 | D:8      | Learned a level 4 spell: Passage of Golubria
  8312 | D:8      | Reached * piety under Ashenzari
  8339 | D:8      | magus.rc [v1.9.6]
  8456 | D:9      | Found a flagged portal.
  8465 | Bailey   | Entered a bailey
  8469 | Bailey   | Reached skill level 10 in Fighting
  8546 | Bailey   | Identified the +8 hand axe of Reqoss {antimagic, *Corrode
                  | rElec rPois Stlth+}
  8546 | Bailey   | Identified the +6 spear "Dehynitt" {drain, rElec rPois rC-
                  | rCorr}
  8546 | Bailey   | Noticed Grum
  8552 | Bailey   | Reached skill level 9 in Spellcasting
  8562 | Bailey   | Killed Grum
  8867 | D:9      | Reached skill level 6 in Dodging
  8937 | D:9      | Reached skill level 5 in Stealth
  8959 | D:9      | Noticed a cyclops
  8969 | D:9      | Killed a cyclops
  9266 | D:9      | Reached skill level 1 in Armour
  9738 | D:10     | Entered Level 10 of the Dungeon
  9755 | D:10     | Reached skill level 11 in Fighting
  9792 | D:10     | Found a staircase to the Lair.
  9887 | D:10     | Noticed a two-headed ogre
  9898 | D:10     | Killed a two-headed ogre
  9899 | D:10     | Reached skill level 2 in Armour
  9899 | D:10     | Reached XP level 12. HP: 92/96 MP: 0/0
 10979 | D:11     | Reached skill level 7 in Dodging
 11067 | D:11     | Reached skill level 3 in Armour
 11067 | D:11     | Reached skill level 10 in Spellcasting
 11075 | D:11     | Noticed Lodul
 11087 | D:11     | Killed Lodul
 11088 | D:11     | Reached skill level 6 in Stealth
 11301 | D:11     | Found a staircase to the Orcish Mines.
 11675 | D:11     | Reached ** piety under Ashenzari
 11829 | D:11     | Found Gisy's Distillery.
 11961 | D:6      | Reached skill level 12 in Fighting
 12457 | Orc:1    | Entered Level 1 of the Orcish Mines
 12457 | Orc:1    | Identified a +2 robe of the Archmagi
 12457 | Orc:1    | Noticed Erica
 12465 | Orc:1    | Killed Erica
 12579 | Orc:1    | Identified a +2 robe of the Archmagi
 12623 | Orc:1    | Noticed Maurice
 12631 | Orc:1    | Killed Maurice
 12651 | Orc:1    | Reached skill level 4 in Armour
 13276 | Orc:2    | Entered Level 2 of the Orcish Mines
 13287 | Orc:2    | Reached XP level 13. HP: 79/106 MP: 0/0
 13287 | Orc:2    | Learned a level 5 spell: Summon Forest
 13399 | Orc:2    | Reached skill level 8 in Dodging
 13598 | Orc:2    | Found a staircase to the Elven Halls.
 13769 | Orc:2    | Paralysed by an orc sorcerer for 5 turns
 13790 | Orc:2    | Found Jigo's Antique Armour Emporium.
 13790 | Orc:2    | Noticed an ogre mage
 13799 | Orc:2    | Killed an ogre mage
 13826 | Orc:2    | Noticed an ogre mage
 13832 | Orc:2    | Reached skill level 7 in Stealth
 13846 | Orc:2    | Killed an ogre mage
 13847 | Orc:2    | Reached skill level 5 in Armour
 13929 | Orc:2    | Reached skill level 13 in Fighting
 13956 | Orc:2    | Noticed Erolcha
 14014 | Orc:2    | Killed Erolcha
 14015 | Orc:2    | Reached skill level 11 in Spellcasting
 14057 | Orc:2    | Found Budefaf's Magic Scroll Shoppe.
 14074 | Orc:2    | Found Nylekk's Distillery.
 14082 | Orc:2    | Bought a potion of mutation for 96 gold pieces
 14098 | Orc:2    | Bought a scroll of teleportation for 48 gold pieces
 14116 | Orc:2    | Noticed an ogre mage
 14123 | Orc:2    | Killed an ogre mage
 14149 | Orc:2    | Found Wisarais's Jewellery Shoppe.
 14644 | D:3      | Bought the +2 hat of the Bear Spirit {Spirit, Bear, *Rage
                  | Will++} for 418 gold pieces
 14644 | D:3      | Found the +2 hat of the Bear Spirit {Spirit, Bear, *Rage
                  | Will++}
 14944 | D:12     | Found a gate leading to a gauntlet.
 14954 | Gauntlet | Entered a Gauntlet
 14954 | Gauntlet | Identified the ring of the Elephant {rPois rF+ Str-2
                  | Slay+3}
 14954 | Gauntlet | Found a transporter.
 14954 | Gauntlet | Found a transporter.
 14955 | Gauntlet | Found a transporter.
 14958 | Gauntlet | Found a transporter.
 14960 | Gauntlet | Identified the Octavo of the Spider and Ouranomancy
 14963 | Gauntlet | Found a transporter.
 14967 | Gauntlet | Reached *** piety under Ashenzari
 14971 | Gauntlet | Found a transporter.
 14972 | Gauntlet | Found a transporter.
 14988 | Gauntlet | Found a transporter.
 14995 | Gauntlet | Found a transporter.
 15012 | Gauntlet | Found a transporter.
 15020 | Gauntlet | Found a transporter.
 15038 | Gauntlet | Found a transporter.
 15320 | Lair:1   | Entered Level 1 of the Lair of Beasts
 16122 | Lair:1   | Reached XP level 14. HP: 115/119 MP: 0/0
 16375 | Lair:2   | Reached skill level 6 in Armour
 16505 | Lair:2   | Reached skill level 14 in Fighting
 16683 | Lair:2   | Found a staircase to the Swamp.
 17219 | Lair:3   | Identified the +6 dagger of Compound Interest {freeze,
                  | *Corrode rN++}
 17386 | Lair:3   | Reached skill level 12 in Spellcasting
 17389 | Lair:3   | Reached skill level 7 in Armour
 18069 | Lair:3   | Found a staircase to the Snake Pit.
 18226 | Lair:4   | Found a viscous altar of Jiyva.
 18227 | Lair:4   | Found a staircase to the Slime Pits.
 18963 | Lair:5   | Entered Level 5 of the Lair of Beasts
 18968 | Lair:5   | Reached skill level 1 in Shields
 18990 | Lair:5   | Noticed Josephine
 18997 | Lair:5   | Killed Josephine
 18998 | Lair:5   | Reached skill level 15 in Fighting
 18998 | Lair:5   | Reached XP level 15. HP: 100/129 MP: 0/0
 18998 | Lair:5   | Learned a level 6 spell: Starburst
 19005 | Lair:5   | Reached skill level 2 in Shields
 19431 | Lair:5   | Reached skill level 3 in Shields
 19701 | Lair:5   | Reached skill level 13 in Spellcasting
 19999 | Swamp:1  | Entered Level 1 of the Swamp
 20004 | Swamp:1  | Reached skill level 4 in Shields
 20166 | Swamp:1  | Noticed a fenstrider witch
 20167 | Swamp:1  | Noticed Donald
 20171 | Swamp:1  | Killed a fenstrider witch
 20172 | Swamp:1  | Reached skill level 16 in Fighting
 20179 | Swamp:1  | Killed Donald
 20554 | Swamp:2  | Found a bloodstained altar of Trog.
 20606 | Swamp:2  | Reached skill level 5 in Shields
 20659 | Swamp:2  | Reached XP level 16. HP: 137/139 MP: 0/0
 20771 | Swamp:2  | Identified Roxanne's Monograph on Silt
 20771 | Swamp:2  | Noticed Roxanne
 21106 | Swamp:2  | Reached **** piety under Ashenzari
 21138 | Swamp:2  | Killed Roxanne
 21337 | Swamp:3  | Reached skill level 6 in Shields
 21609 | Swamp:3  | Reached skill level 17 in Fighting
 21934 | Swamp:4  | Entered Level 4 of the Swamp
 21961 | Swamp:4  | Reached ***** piety under Ashenzari
 21963 | Swamp:4  | Reached skill level 14 in Spellcasting
 22152 | Swamp:4  | Noticed Louise
 22172 | Swamp:4  | Killed Louise
 22445 | Swamp:4  | Noticed the 27-headed Lernaean hydra
 22466 | Swamp:4  | Reached XP level 17. HP: 157/157 MP: 0/0
 22466 | Swamp:4  | Learned a level 6 spell: Conjure Ball Lightning
 22480 | Swamp:4  | Killed the 27-headed Lernaean hydra
 22577 | Swamp:4  | Got a decaying rune of Zot
 23031 | Snake:1  | Entered Level 1 of the Snake Pit
 23099 | Snake:1  | Reached skill level 18 in Fighting
 23109 | Snake:1  | HP: 31/157 [naga sharpshooter/bolt (17)]
 23544 | Snake:1  | Reached skill level 15 in Spellcasting
 23763 | Orc:2    | Bought a runed kite shield for 300 gold pieces
 24610 | Snake:2  | Found a transporter.
 24626 | Snake:2  | Noticed bmack86's ghost (adept MiFi)
 24743 | Snake:2  | Found a transporter.
 24743 | Snake:2  | Noticed a tentacled monstrosity
 24858 | Snake:2  | Found a frozen archway.
 24993 | Snake:2  | Reached skill level 19 in Fighting
 25101 | Snake:2  | Reached XP level 18. HP: 151/165 MP: 0/0
 25389 | Snake:2  | Reached skill level 9 in Dodging
 26020 | Snake:3  | Noticed Jorgrun
 26164 | Snake:3  | Reached skill level 7 in Shields
 26164 | Snake:3  | Killed Jorgrun
 26165 | Snake:3  | Reached skill level 8 in Armour
 26377 | Snake:3  | Reached skill level 8 in Stealth
 27035 | Snake:4  | Entered Level 4 of the Snake Pit
 27291 | Snake:4  | Reached skill level 16 in Spellcasting
 27508 | Snake:4  | Reached XP level 19. HP: 133/173 MP: 0/0
 27508 | Snake:4  | Learned a level 6 spell: Dispersal
 27638 | Snake:4  | Reached skill level 8 in Shields
 27669 | Snake:4  | Reached skill level 10 in Dodging
 27733 | Snake:4  | Reached skill level 9 in Armour
 28247 | Snake:4  | Reached skill level 20 in Fighting
 28311 | Snake:4  | Reached skill level 9 in Stealth
 28363 | Snake:4  | Got a serpentine rune of Zot
 29971 | D:14     | Noticed Nessos
 29974 | D:14     | Killed Nessos
 30655 | D:14     | Reached skill level 9 in Shields
 30717 | D:14     | Found a gate to the Vaults.
 30795 | D:14     | Identified the +7 rapier "Goblinslayer" {venom, rPois rF-
                  | rN+++ Int-4}
 30994 | D:15     | Entered Level 15 of the Dungeon
 31115 | D:15     | Reached XP level 20. HP: 158/181 MP: 0/0
 31149 | D:15     | Found a staircase to the Depths.
 31188 | D:15     | Found a runed translucent door.
 31188 | D:15     | Found a shimmering altar of Xom.
 31188 | D:15     | Noticed Yamstis's ghost (adept GnMo)
 31190 | D:15     | Identified the +10 dire flail of Ynoucrid {chaos, Int+4}
 31199 | D:15     | Found a shadowy altar of Dithmenos.
 31615 | D:15     | Identified the +1 ring mail "Wukiso" {Int+2 Dex+4 Stlth-}
 31679 | D:15     | Found a basalt altar of Yredelemnul.
 31881 | Depths:1 | Entered Level 1 of the Depths
 31892 | Depths:1 | Reached skill level 17 in Spellcasting
 31893 | Depths:1 | HP: 39/181 [spore (11)]
 31894 | Depths:1 | Killed from afar by a spriggan air mage

Vanquished Creatures
  the Lernaean hydra (Swamp:4)
  Jorgrun (Snake:3)
  Donald (Swamp:1)
  Roxanne (Swamp:2)
  A fenstrider witch (Swamp:1)
  14 nagarajas
  An iron dragon (Depths:1)
  Louise (Swamp:4)
  A very ugly thing (Snake:2)
  3 ghouls (Swamp:3)
  Nessos (D:14)
  5 eleionomae
  4 bunyips
  A dire elephant (Lair:5)
  Josephine (Lair:5)
  2 fire dragons
  7 salamander tyrants (Snake:4)
  A vault guard (D:14)
  2 spriggan air magi
  Erolcha (Orc:2)
  2 ice dragons
  Erica (Orc:1)
  10 anacondas
  15 hydras
  6 centaur warriors
  5 ogre magi
  3 catoblepae
  4 ghost crabs
  4 boulder beetles
  5 alligators
  21 naga warriors
  9 two-headed ogres
  10 death yaks
  An orc high priest (Orc:2)
  2 deep troll shamans (Depths:1)
  13 naga sharpshooters
  7 shock serpents
  Lodul (D:11)
  9 salamander mystics
  3 goliath frogs
  4 skeletal warriors (D:13)
  3 deep trolls (D:7)
  14 swamp dragons
  4 sea snakes (Snake:1)
  10 naga ritualists
  3 spriggan druids
  5 lindwurms
  An orc knight (D:15)
  2 bog bodies
  3 deep elf pyromancers
  26 ugly things
  3 will-o-the-wisps
  7 cyclopes
  A wolf spider (D:14)
  6 manticores
  21 mana vipers
  12 orc sorcerers
  2 elephants (Lair:5)
  19 salamanders
  41 black mambas
  Maurice (Orc:1)
  Joseph (D:7)
  13 guardian serpents
  12 naga magi
  2 torpor snails
  6 komodo dragons
  5 cane toads
  2 unseen horrors (D:13)
  2 rime drakes (Lair:5)
  6 trolls
  6 yaktaurs (D:15)
  7 tyrant leeches
  A polar bear (Lair:2)
  3 hornets (Swamp:1)
  4 dream sheep (Lair:5)
  16 blink frogs
  3 slime creatures (D:14)
  6 wraiths
  3 spriggans (Swamp:1)
  2 shadows (D:11)
  A centaur simulacrum (D:14)
  3 fire elementals
  4 wyverns
  48 yaks
  5 fire bats
  Grum (Bailey)
  6 basilisks
  3 steam dragons
  A vampire mosquito (D:9)
  Menkaure (D:6)
  A two-headed ogre zombie (D:11)
  A warg (Orc:1)
  39 nagas
  5 acid dragons
  16 swamp worms
  33 water moccasins
  10 swamp drakes
  An ice beast (D:7)
  2 sky beasts (D:7)
  2 black bears (D:8)
  15 orc warriors
  19 ogres
  16 wolves
  9 centaurs
  4 kobold brigands
  13 bullfrogs
  6 necrophages
  9 gnoll sergeants
  4 scorpions
  8 wights
  A troll zombie (D:11)
  14 killer bees
  5 electric eels
  A howler monkey (D:6)
  2 lava snakes (Lair:2)
  3 jellies
  16 orc priests
  6 gnoll boudas
  4 hounds
  Ijyb (D:3)
  Terence (D:2)
  2 iguanas
  Natasha (thrice) (D:4)
  47 orc wizards
  4 hell rats (Lair:4)
  6 ogre zombies (D:11)
  17 gnolls
  18 adders
  2 white imps
  2 ufetubi (D:5)
  2 worms
  2 dart slugs (D:4)
  69 orcs
  5 bats
  6 endoplasms
  6 giant cockroaches
  9 goblins
  6 hobgoblins
  2 jackals (D:5)
  30 kobolds
  5 quokkas
  6 ball pythons
  2 frilled lizards (D:2)
  2 goblin skeletons (D:11)
  2 goblin zombies (D:11)
  A hobgoblin skeleton (D:11)
  2 hobgoblin zombies (D:11)
  3 orc skeletons (D:11)
  15 orc zombies (D:11)
  7 rats
  A spectral orc (D:15)
  A ball lightning (D:14)
  A fire vortex (Lair:2)
  A foxfire (Orc:1)
  6 fulminant prisms
  2 snaplasher vines
1104 creatures vanquished.

Vanquished Creatures (collateral kills)
  An eleionoma (Swamp:1)
  A swamp dragon (Swamp:3)
  2 spriggan druids (Swamp:3)
  A salamander (Lair:2)
  A molten gargoyle (Lair:2)
  A tyrant leech (Swamp:2)
  A fire elemental (Lair:2)
  A fire bat (Lair:2)
  4 swamp worms
  A swamp drake (Swamp:3)
  37 ball lightnings
  A snaplasher vine (Lair:2)
52 creatures vanquished.

Vanquished Creatures (others)
  A swamp dragon (Swamp:4)
  361 ball lightnings
  11 foxfires
  879 fulminant prisms
  46 fungi
  91 plants
  4 snaplasher vines
  2 withered plants (Gauntlet)
1395 creatures vanquished.

Grand Total: 2551 creatures vanquished

Table legend:
 A = Non-vault XP
 B = Vault XP
 C = Vault XP percentage of total XP
 D = Non-vault monster count
 E = Vault monster count
 F = Vault count percentage of total count
                 A         B        C        D         E       F
            +---------+---------+-------+---------+---------+-------
      Total |  230095 |  128051 |  35.8 |     775 |     333 |  30.1
            +---------+---------+-------+---------+---------+-------
        D:1 |      32 |      11 |  25.6 |      19 |       6 |  24.0
        D:2 |     114 |      38 |  25.0 |      23 |       1 |   4.2
        D:3 |      59 |      39 |  39.8 |      15 |       1 |   6.2
        D:4 |     312 |      36 |  10.3 |      17 |       1 |   5.6
        D:5 |     381 |      47 |  11.0 |      14 |       3 |  17.6
        D:6 |    1127 |     183 |  14.0 |      22 |       1 |   4.3
        D:7 |    1527 |    2653 |  63.5 |      23 |       4 |  14.8
        D:8 |    1466 |       0 |   0.0 |      32 |       0 |   0.0
        D:9 |    2736 |     734 |  21.2 |      41 |       2 |   4.7
       D:10 |    4160 |       0 |   0.0 |      16 |       0 |   0.0
       D:11 |    3358 |    2377 |  41.4 |      27 |      43 |  61.4
       D:12 |    3844 |       0 |   0.0 |      11 |       0 |   0.0
       D:13 |    9399 |       0 |   0.0 |      17 |       0 |   0.0
       D:14 |   11826 |    3698 |  23.8 |      22 |       6 |  21.4
       D:15 |   16235 |    1741 |   9.7 |      32 |       3 |   8.6
     Lair:1 |    2779 |    3101 |  52.7 |      15 |      29 |  65.9
     Lair:2 |   10635 |     163 |   1.5 |      42 |       3 |   6.7
     Lair:3 |    1256 |    3408 |  73.1 |       8 |       9 |  52.9
     Lair:4 |    6869 |      93 |   1.3 |      26 |       1 |   3.7
     Lair:5 |    9792 |   12618 |  56.3 |      22 |      28 |  56.0
    Swamp:1 |   11128 |    1349 |  10.8 |      22 |       1 |   4.3
    Swamp:2 |    8893 |    1342 |  13.1 |      17 |       1 |   5.6
    Swamp:3 |   18426 |     414 |   2.2 |      28 |       3 |   9.7
    Swamp:4 |   11430 |   16153 |  58.6 |      19 |      25 |  56.8
    Snake:1 |   17877 |   13933 |  43.8 |      33 |      26 |  44.1
    Snake:2 |   15549 |    4463 |  22.3 |      31 |       7 |  18.4
    Snake:3 |   22980 |    9454 |  29.1 |      44 |      13 |  22.8
    Snake:4 |   27198 |   34784 |  56.1 |      52 |      43 |  45.3
      Orc:1 |    2243 |    1299 |  36.7 |      41 |       2 |   4.7
      Orc:2 |    4001 |    8121 |  67.0 |      40 |      35 |  46.7
   Depths:1 |    2463 |    3793 |  60.6 |       4 |       4 |  50.0
     Bailey |       0 |    2006 | 100.0 |       0 |      32 | 100.0
            +---------+---------+-------+---------+---------+-------

Illustrated notes

Table legend:
 A = Kills in this place as a percentage of kills in entire the game.
 B = Kills by you in this place as a percentage of kills by you in the entire game.
 C = Kills by friends in this place as a percentage of kills by friends in the entire game.
 D = Other kills in this place as a percentage of other kills in the entire game.
 E = Experience gained in this place as a percentage of experience gained in the entire game.
 F = Experience gained in this place divided by the number of levels of this place that you have seen.
                   A       B       C       D       E      F
               +-------+-------+-------+-------+-------+----------------------
         Total | 100.0 | 100.0 | 100.0 | 100.0 | 100.0 | 10533.7
       Dungeon |  36.3 |  36.8 |   0.0 |   0.0 |  19.0 | 4542.2
          Lair |  16.5 |  16.4 |  28.6 |   0.0 |  14.2 | 10142.8
         Swamp |  10.5 |   9.6 |  71.4 | 100.0 |  19.3 | 17283.8
     Snake Pit |  22.5 |  22.8 |   0.0 |   0.0 |  40.8 | 36559.5
  Orcish Mines |  10.6 |  10.8 |   0.0 |   0.0 |   4.4 | 7832.0
        Depths |   0.7 |   0.7 |   0.0 |   0.0 |   1.7 | 6256.0
        Bailey |   2.9 |   2.9 |   0.0 |   0.0 |   0.6 | 2006.0
               +-------+-------+-------+-------+-------+----------------------

Table legend: (Time is in decaauts)
 A = Elapsed time spent in this place.
 B = Non-inter-level travel time spent in this place.
 C = Inter-level travel time spent in this place.
 D = Time resting spent in this place.
 E = Time spent auto-exploring this place.
 F = Levels seen in this place.
 G = Mean time per level.
                   A        B        C        D        E       F      G
               +--------+--------+--------+--------+--------+-----+--------+
         Total |  31980 |  28655 |   3325 |   2989 |  15831 |  34 |  940.6 |
       Dungeon |  16392 |  14229 |   2163 |   1993 |   8480 |  15 | 1092.8 |
        Temple |     14 |      1 |     13 |      0 |      0 |   1 |   14.0 |
          Lair |   5148 |   4634 |    514 |    258 |   2553 |   5 | 1029.6 |
         Swamp |   2971 |   2840 |    131 |    219 |   1265 |   4 |  742.8 |
     Snake Pit |   5191 |   4847 |    344 |    363 |   2806 |   4 | 1297.8 |
  Orcish Mines |   1639 |   1481 |    158 |    127 |    490 |   2 |  819.5 |
        Depths |     12 |     12 |      0 |      0 |      0 |   1 |   12.0 |
        Bailey |    323 |    323 |      0 |     29 |     66 |   1 |  323.0 |
      Gauntlet |    285 |    285 |      0 |      0 |    171 |   1 |  285.0 |
               +--------+--------+--------+--------+--------+-----+--------+

Top non-repeatable levels by time:
     D:7: 1961 daAuts
 Snake:4: 1580 daAuts
    D:11: 1486 daAuts
 Snake:2: 1404 daAuts
    D:10: 1271 daAuts
     D:5: 1263 daAuts
  Lair:3: 1232 daAuts
     D:9: 1230 daAuts
   Orc:2: 1161 daAuts
    D:14: 1147 daAuts
     D:1: 1143 daAuts
     D:4: 1136 daAuts
 Snake:3: 1122 daAuts
  Lair:1: 1122 daAuts
 Snake:1: 1083 daAuts
